Map: Heavy Artillery LE

Players

Massa

  • Race: Terran Terran
  • League: Platinum
  • Spawn Location: 7:00

qqq

  • Race: Zerg Zerg
  • League: Platinum
  • Spawn Location: 7:00

simba

  • Race: Protoss Protoss
  • League: Platinum
  • Spawn Location: 1:00

Delovoy

  • Race: Zerg Zerg
  • Spawn Location: 3:00

VOD

Have the link to the VOD?

Description

Time

  • Played on: Dec. 5, 2020, 9:21 a.m.
  • Length: 13:45
Show
View Real Time Build Order
Export as new Build Order

Massa Terran 

Build Orders: 2 Factory 

Get SALT Encoding   

  12  0:00  SCV  
  13  0:12  SCV  
  14  0:20  Supply Depot  
  14  0:24  SCV  
  15  0:34  Refinery  
  15  0:42  Barracks  
  15  0:45  SCV  
  16  0:52  Refinery  
  16  0:57  SCV  
  17  1:09  SCV  
  18  1:21  SCV  
  19  1:35  Marine  
  20  1:45  Factory  
  20  1:47  Orbital Command  
  20  1:53  Barracks Tech Lab  
  20  2:05  Factory  
  20  2:13  SCV  
  21  2:25  Barracks Reactor, SCV  
  22  2:35  Supply Depot  
  22  2:38  Widow Mine  
  22  2:40  Armory  
  23  2:44  Engineering Bay  
  23  2:56  Supply Depot  
  23  2:57  Hellion  
  25  2:59  Widow Mine  
  27  3:12  Supply Depot  
  27  3:21  Widow Mine  
  27  3:26  Barracks Tech Lab  
  29  3:38  Widow Mine x2  
  29  3:39  Drilling Claws  
  33  3:42  Widow Mine  
  35  3:57  Marine  
  36  4:20  Missile Turret  
  36  4:23  Missile Turret  
  36  4:26  Missile Turret  
  36  4:39  Widow Mine  
  36  4:40  Widow Mine  
  36  4:41  Command Center  
  36  4:45  SCV  
  41  4:48  Widow Mine  
  41  4:49  Missile Turret  
  41  4:52  Marine  
  44  5:10  Widow Mine  
  46  5:17  Supply Depot  
  46  5:39  Widow Mine x3  
  50  6:45  Marauder  
  50  6:46  Orbital Command  
  52  6:47  SCV  
  52  6:51  Missile Turret  
  52  6:52  Missile Turret  
  51  6:59  SCV  
  52  7:06  Marauder  
  54  7:11  SCV  
  55  7:23  SCV  
  42  7:42  Marauder  
  44  7:47  Barracks x2  
  44  7:48  Barracks  
  44  7:51  Barracks  
  44  8:00  Widow Mine x2  
  44  8:02  Thor  
  44  8:03  Marauder  
  52  8:07  Command Center  
  52  8:08  SCV x2  
  54  8:14  Terran Infantry Weapons Level 1  
  54  8:20  SCV  
  54  8:21  Widow Mine x2  
  54  8:22  Mag-Field Accelerator  
  57  8:43  Widow Mine x2  
  57  8:45  Widow Mine  
  63  8:52  SCV x2  
  65  9:01  Refinery  
  65  9:04  SCV x2  
  65  9:05  Widow Mine  
  65  9:09  Barracks Reactor x2, Barracks Tech Lab x2  
  69  9:16  SCV, Supply Depot  
  70  9:17  Supply Depot  
  70  9:18  SCV, Supply Depot  
  70  9:19  Widow Mine, Supply Depot  
  70  9:20  Command Center, Supply Depot  
  70  9:24  Planetary Fortress  
  73  9:28  SCV  
  73  9:30  SCV  
  75  9:31  Missile Turret  
  75  9:41  Supply Depot  
  75  9:43  Supply Depot  
  75  9:47  Marine x4  
  75  9:48  Marauder x3  
  85  10:14  Command Center  
  89  10:21  Marauder x3, Marine  
  92  10:31  Combat Shield  
  92  10:32  Stimpack  
  92  10:33  Concussive Shells  
  88  10:42  Marauder  
  88  10:43  Marauder x2  
  75  10:50  Marine  
  64  11:04  Marauder x3  
  64  11:06  SCV x2  
  65  11:18  SCV  
  65  11:19  SCV  
  65  11:25  Marauder  
  68  11:31  Widow Mine, Siege Tank  
  73  11:44  Orbital Command  
  73  11:49  Command Center  
  73  11:53  SCV x2  
  75  12:03  Siege Tank  
  75  12:05  SCV x2  
  84  12:08  Marauder x2, Marine  
  84  12:09  Marauder, Marine x3  
  90  12:17  SCV x2  
  92  12:26  Marine x2  
  92  12:29  SCV x2  
  96  12:36  Missile Turret  
  96  12:37  Missile Turret  
  96  12:38  Refinery  
  96  12:39  SCV  
  96  12:41  SCV  
  96  12:42  SCV  
  100  12:45  Planetary Fortress  
  99  12:51  SCV  
  99  12:53  Missile Turret  
  99  12:54  SCV x2  
  99  12:56  Missile Turret  
  102  13:02  Siege Tank  
  102  13:03  SCV  
  102  13:05  Widow Mine  
  108  13:06  SCV x2  
  108  13:07  Widow Mine  
  108  13:12  Orbital Command  
  112  13:15  SCV  
  112  13:18  SCV  
  103  13:27  Marine x3  
Show
View Real Time Build Order
Export as new Build Order

qqq Zerg 

Build Orders: Hatch First 

Get SALT Encoding   

  12  0:01  Drone  
  13  0:10  Drone  
  14  0:21  Overlord  
  14  0:27  Extractor  
  13  0:29  Drone  
  14  0:58  Drone  
  14  1:00  Hatchery  
  14  1:05  Drone  
  15  1:28  Spawning Pool  
  14  1:42  Drone x2  
  14  1:44  Drone  
  16  2:15  Lair  
  16  2:17  Queen  
  16  2:20  Drone  
  19  2:24  Drone  
  19  2:28  Drone  
  21  2:40  Drone x2  
  21  2:41  Drone  
  24  2:59  Drone, Spine Crawler  
  24  3:04  Drone  
  25  3:05  Spine Crawler  
  25  3:08  Drone  
  25  3:10  Drone  
  26  3:23  Spire  
  26  3:25  Drone  
  26  3:28  Drone  
  27  3:42  Drone  
  28  3:52  Overlord x2  
  28  3:56  Extractor, Drone  
  28  3:57  Extractor, Drone  
  28  4:09  Queen  
  28  4:13  Drone  
  28  4:14  Drone  
  32  4:17  Drone  
  32  4:18  Drone x3  
  36  4:24  Overlord  
  36  4:25  Extractor  
  36  4:26  Overlord  
  36  4:28  Drone  
  36  4:37  Zerg Flyer Weapons Level 1  
  36  4:44  Mutalisk  
  38  4:46  Mutalisk  
  38  4:49  Mutalisk  
  42  4:54  Mutalisk  
  42  4:57  Drone  
  42  4:59  Drone  
  46  5:04  Overlord  
  46  5:08  Drone  
  46  5:13  Corruptor  
  49  5:19  Infestation Pit  
  49  5:21  Drone  
  49  5:23  Drone  
  49  5:27  Drone  
  51  5:30  Corruptor  
  51  5:35  Drone  
  54  5:37  Drone x2  
  54  5:39  Drone  
  57  5:44  Mutalisk  
  59  6:18  Overlord  
  59  6:19  Overlord x2  
  59  6:20  Hive  
  59  6:21  Drone  
  60  6:36  Overlord  
  60  6:37  Drone x2  
  60  6:38  Drone  
  63  6:40  Mutalisk  
  63  6:41  Mutalisk x2  
  69  6:53  Mutalisk x2  
  73  6:57  Hatchery  
  72  7:07  Mutalisk  
  74  7:09  Hatchery  
  73  7:17  Mutalisk  
  67  7:48  Mutalisk  
  67  7:49  Viper  
  64  7:58  Viper  
  67  8:06  Mutalisk, Zergling x10  
  74  8:14  Drone x3  
  74  8:15  Mutalisk  
  79  8:23  Mutalisk  
  79  8:26  Drone  
  82  8:31  Drone x2  
  82  8:54  Mutalisk x3  
  85  9:06  Mutalisk  
  84  9:25  Hatchery  
  84  9:29  Zerg Flyer Armor Level 1  
  83  9:39  Hatchery  
  83  9:44  Mutalisk  
  74  9:53  Mutalisk  
  74  9:59  Queen  
  78  10:04  Mutalisk  
  80  10:07  Mutalisk  
  82  10:19  Mutalisk  
  84  10:30  Mutalisk  
  84  10:33  Zergling x4, Overlord x5  
  84  10:34  Zergling x2, Overlord  
  84  10:35  Queen  
  91  10:38  Spore Crawler  
  91  10:40  Spore Crawler  
  91  10:41  Spore Crawler  
  88  10:45  Spore Crawler x2  
  88  10:49  Spore Crawler  
  77  10:55  Mutalisk x3  
  78  10:57  Drone x3  
  76  11:15  Baneling Nest  
  74  11:23  Zerg Flyer Weapons Level 2  
  74  11:30  Mutalisk  
  74  11:31  Mutalisk x2  
  74  11:32  Zergling x8  
  84  11:33  Drone x2, Zergling x2  
  84  11:34  Drone, Queen  
  84  11:39  Extractor  
  89  11:45  Mutalisk  
  89  11:46  Mutalisk  
  93  11:54  Spore Crawler  
  92  12:03  Viper  
  95  12:14  Overseer  
  95  12:15  Hatchery  
  95  12:17  Pneumatized Carapace  
  95  12:22  Queen  
  96  12:24  Extractor  
  96  12:28  Drone x3  
  96  12:29  Corruptor  
  100  12:47  Baneling  
  100  12:48  Baneling x4  
  99  13:06  Mutalisk x2  
  99  13:07  Zergling x6  
  99  13:08  Drone x2, Zergling x2  
  99  13:09  Drone x2  
  111  13:26  Baneling x4  
  111  13:28  Drone x2  
Show
View Real Time Build Order
Export as new Build Order

simba Protoss 

Build Orders: Nexus First, Carriers 

Get SALT Encoding   

  12  0:01  Probe  
  13  0:13  Probe  
  14  0:18  Pylon  
  14  0:25  Probe (Chrono Boost)  
  15  0:38  Probe (Chrono Boost)  
  16  0:45  Probe (Chrono Boost)  
  17  0:52  Probe  
  18  1:03  Nexus  
  18  1:11  Gateway  
  18  1:17  Assimilator  
  18  1:18  Probe (Chrono Boost)  
  19  1:27  Assimilator  
  19  1:29  Probe (Chrono Boost)  
  20  1:34  Probe (Chrono Boost)  
  20  1:39  Pylon  
  21  1:45  Probe  
  22  1:57  Probe  
  23  2:02  Cybernetics Core  
  23  2:10  Probe (Chrono Boost)  
  24  2:16  Probe (Chrono Boost)  
  24  2:22  Probe (Chrono Boost)  
  26  2:25  Assimilator  
  26  2:26  Probe (Chrono Boost)  
  26  2:28  Probe (Chrono Boost)  
  28  2:31  Probe (Chrono Boost)  
  28  2:35  Probe  
  30  2:42  Probe  
  31  2:44  Stargate  
  31  2:46  Stargate  
  31  2:49  Pylon  
  31  2:55  Probe x2  
  33  3:01  Assimilator  
  33  3:07  Probe x2  
  35  3:19  Probe x2  
  37  3:22  Void Ray (Chrono Boost)  
  37  3:24  Void Ray (Chrono Boost)  
  37  3:31  Probe  
  46  3:37  Pylon  
  46  3:40  Probe, Pylon  
  47  3:43  Probe  
  48  3:51  Void Ray  
  48  3:52  Probe  
  48  3:53  Void Ray  
  50  3:55  Probe  
  58  4:08  Probe x2  
  60  4:20  Probe  
  60  4:22  Probe  
  62  4:26  Forge  
  62  4:28  Void Ray  
  66  4:39  Probe x2  
  68  4:46  Nexus  
  68  4:50  Pylon  
  68  4:53  Pylon  
  68  4:56  Pylon  
  68  4:58  Pylon  
  68  5:00  Pylon  
  68  5:02  Void Ray  
  68  5:07  Photon Cannon  
  72  5:16  Void Ray  
  72  5:17  Photon Cannon  
  72  5:20  Probe x2  
  78  5:32  Probe  
  78  5:33  Fleet Beacon  
  79  5:42  Probe  
  80  5:44  Probe  
  80  5:45  Photon Cannon  
  80  5:48  Photon Cannon, Void Ray (Chrono Boost)  
  81  5:50  Shield Battery  
  85  5:58  Void Ray (Chrono Boost)  
  87  6:19  Photon Cannon  
  87  6:20  Photon Cannon, Void Ray (Chrono Boost)  
  87  6:23  Flux Vanes  
  87  6:28  Void Ray  
  87  6:30  Probe x2  
  92  6:38  Stargate  
  96  6:41  Stargate  
  96  6:52  Probe x2  
  96  6:53  Probe  
  99  6:55  Protoss Air Weapons Level 1 (Chrono Boost)  
  99  6:57  Assimilator  
  99  6:58  Assimilator  
  99  7:04  Probe x2  
  99  7:05  Probe  
  102  7:16  Probe  
  102  7:17  Probe  
  102  7:18  Carrier  
  102  7:20  Probe  
  111  7:28  Probe  
  111  7:29  Probe  
  112  7:32  Probe  
  112  7:33  Void Ray  
  112  7:41  Probe  
  109  7:57  Carrier  
  109  7:58  Carrier  
  121  8:00  Probe x3  
  124  8:12  Probe  
  125  8:14  Nexus  
  125  8:23  Pylon x2  
  125  8:25  Pylon  
  125  8:26  Pylon  
  125  8:28  Pylon  
  125  8:41  Probe x2  
  127  8:50  Probe  
  127  8:51  Carrier  
  127  8:52  Carrier  
  127  8:53  Probe x2  
  142  8:56  Void Ray  
  142  9:02  Carrier  
  152  9:04  Protoss Shields Level 1  
  150  9:33  Void Ray  
  150  9:38  Probe  
  150  9:39  Probe x3  
  150  9:41  Pylon  
  150  9:42  Pylon  
  150  9:44  Pylon  
  158  9:47  Pylon  
  158  9:51  Probe  
  159  10:02  Probe x2, Carrier x2  
  159  10:03  Probe  
  159  10:06  Carrier  
  181  10:07  Photon Cannon  
  181  10:08  Photon Cannon  
  181  10:10  Photon Cannon  
  181  10:15  Probe x2  
  181  10:16  Void Ray  
  186  10:36  Protoss Air Weapons Level 2 (Chrono Boost)  
  154  10:57  Probe  
  154  10:58  Probe  
  154  11:00  Void Ray  
  154  11:01  Carrier (Chrono Boost)  
  154  11:02  Shield Battery  
  158  11:05  Void Ray x2 (Chrono Boost)  
  158  11:06  Shield Battery  
  158  11:07  Shield Battery  
  170  11:12  Pylon  
  170  11:14  Pylon  
  170  11:18  Pylon  
  170  11:20  Assimilator  
  170  11:24  Twilight Council  
  170  11:25  Assimilator  
  170  11:31  Mothership (Chrono Boost)  
  170  11:34  Void Ray (Chrono Boost)  
  178  11:42  Nexus  
  178  11:45  Cybernetics Core  
  182  11:52  Carrier (Chrono Boost)  
  188  11:56  Pylon  
  188  12:00  Pylon  
  188  12:03  Pylon  
  188  12:08  Pylon  
  188  12:10  Pylon  
  188  12:15  Pylon  
  188  12:18  Assimilator  
  188  12:21  Void Ray x3  
  188  12:24  Assimilator  
  200  12:41  Photon Cannon  
  200  12:42  Photon Cannon  
  200  12:44  Photon Cannon  
  200  12:46  Photon Cannon  
  200  12:49  Photon Cannon  
  200  12:50  Photon Cannon  
  200  12:55  Photon Cannon  
  200  12:58  Photon Cannon  
  200  13:00  Photon Cannon  
  200  13:04  Shield Battery  
  200  13:08  Shield Battery  
  200  13:11  Shield Battery  
  200  13:13  Shield Battery  
Show
View Real Time Build Order
Export as new Build Order

Delovoy Zerg 

Build Orders: Hatch First, Zergling Baneling 

Get SALT Encoding   

  12  0:01  Drone  
  13  0:12  Overlord  
  13  0:16  Drone  
  14  0:31  Drone x2  
  16  0:52  Drone, Hatchery  
  16  0:55  Drone  
  17  1:02  Extractor  
  16  1:14  Spawning Pool  
  16  1:16  Drone  
  16  1:19  Drone  
  16  1:23  Drone  
  18  1:30  Drone  
  19  1:39  Overlord  
  19  2:04  Queen x2  
  19  2:05  Zergling x2  
  19  2:06  Zergling x2  
  25  2:10  Zergling x2  
  25  2:12  Metabolic Boost  
  26  2:24  Drone  
  26  2:25  Drone x2  
  29  2:49  Drone x2  
  29  2:50  Drone x3  
  29  2:51  Queen  
  36  3:03  Overlord x2  
  36  3:13  Baneling Nest  
  36  3:18  Drone  
  36  3:21  Queen  
  36  3:23  Drone x4  
  42  3:40  Drone x5  
  42  3:41  Drone  
  48  3:54  Zergling x2  
  48  3:55  Zergling x6  
  52  3:56  Overlord  
  52  3:57  Overlord  
  52  4:05  Extractor x2  
  47  4:17  Baneling  
  47  4:18  Baneling x5  
  47  4:23  Hatchery  
  46  4:30  Drone  
  46  4:31  Drone x2  
  49  4:32  Drone x3  
  49  4:34  Drone  
  53  4:51  Lair  
  53  4:52  Zergling x12  
  59  4:59  Baneling x2  
  59  5:24  Overlord  
  59  5:25  Overlord  
  59  5:27  Drone x5  
  59  5:28  Drone  
  65  5:40  Drone x4  
  69  5:43  Baneling  
  69  5:44  Baneling x3, Zergling x2  
  70  5:59  Overseer  
  62  6:13  Pneumatized Carapace  
  62  6:14  Zergling x6  
  62  6:15  Zergling x14  
  71  6:20  Zergling x4  
  71  6:21  Zergling x8  
  77  6:26  Overseer  
  77  6:41  Overlord  
  77  6:42  Overlord  
  77  6:46  Drone  
  79  6:47  Drone  
  79  6:49  Roach Warren  
  78  6:55  Drone x2  
  78  6:56  Overlord x2  
  78  7:00  Evolution Chamber  
  79  7:01  Evolution Chamber  
  79  7:05  Hydralisk Den  
  70  7:29  Zergling x2, Roach  
  69  7:30  Roach x8  
  79  7:40  Zergling x2  
  79  7:44  Roach x3  
  82  7:49  Overseer x3  
  86  8:08  Roach  
  86  8:09  Roach x5  
  98  8:14  Drone  
  98  8:15  Drone x8  
  98  8:17  Extractor  
  98  8:19  Extractor  
  105  8:22  Zergling x6  
  104  8:49  Hydralisk x4  
  104  8:50  Hydralisk x2  
  104  8:51  Overlord x2  
  104  8:52  Overlord  
  104  8:53  Overseer x2  
  106  9:09  Hydralisk x8  
  115  9:21  Grooved Spines  
  115  9:23  Zerg Missile Weapons Level 1, Zerg Ground Armor Level 1  
  115  9:25  Hydralisk x2  
  119  9:42  Zergling x2  
  119  9:43  Zergling x12  
  126  9:54  Hydralisk  
  126  9:55  Hydralisk  
  130  10:00  Overlord x2  
  130  10:01  Overlord  
  127  10:31  Hydralisk x9  
  127  10:32  Muscular Augments  
  132  10:55  Overlord  
  132  10:56  Overlord x5  
  129  11:24  Hydralisk x7  
  122  11:58  Hydralisk x2  
  122  11:59  Hydralisk x7  
  122  12:00  Infestation Pit  
  139  12:04  Overseer x3  
  139  12:15  Hatchery  
  138  12:26  Roach x6  
  150  12:42  Hydralisk  
  150  12:43  Hydralisk x9  
  164  13:21  Overlord x3  
Tags
 
Add a new tag
Caveats
  • Supply blocks, unpowered buildings, or Contaminate may cause inaccurate times.
  • Supply counts are checked every 10 seconds.